 Dungeon Crawl Stone Soup version 0.31-a0-1111-ga3525b893c (webtiles) character file.

Game seed: 14157058844777416251

21 kae the Vexing (level 2, 0/20 HPs)
             Began as a Demonspawn Enchanter on Dec 3, 2023.
             Succumbed to a kobold's poison
             ... on level 1 of the Dungeon.
             The game lasted 00:01:58 (731 turns).

kae the Vexing (Demonspawn Enchanter)                Turns: 731, Time: 00:01:59

Health: 0/20       AC:  2    Str:  8    XL:     2   Next: 65%
Magic:  5/5        EV: 12    Int: 15    God:
Gold:   28         SH:  0    Dex: 13    Spells: 5/5 levels left

rFire   . . .        a - +1 dagger
rCold   . . .        (no shield)
rNeg    . . .        b - +0 robe
rPois   .            (no helmet)
rElec   .            (no cloak)
rCorr   .            (no gloves)
SInv    .            (no boots)
Will    .....        (no amulet)
Stlth   ++           (no ring)
HPRegen 0.23/turn    (no ring)
MPRegen 0.09/turn

%: no passive effects
@: lethally poisoned (0 -> -12)
A: powered by death 1
a: no special abilities


You were on level 1 of the Dungeon.
You visited 1 branch of the dungeon, and saw 1 of its levels.

You collected 28 gold pieces.


Innate Abilities, Weirdness & Mutations

You regenerate a little health from kills.


   Skills:
 + Level 0.5 Fighting
 * Level 1.5 Short Blades
 - Level 1.7 Dodging
 * Level 3.0 Stealth
 + Level 2.1 Spellcasting
 + Level 3.1 Hexes


You had 5 spell levels left.
You didn't know any spells.
Your spell library contained the following spells:

 Spells                   Type           Power      Damage    Failure   Level
 Ensorcelled Hibernation  Hex/Ice        12%        N/A       17%         2
 Confusing Touch          Hex            10%        N/A       19%         3
 Tukima's Dance           Hex            10%        N/A       19%         3
 Dazzling Flash           Conj/Hex       12%        N/A       34%         3

Inventory:

Hand Weapons
 a - a +1 dagger (weapon)
Missiles
 e - 2 javelins
 f - 12 stones
Armour
 b - a +0 robe (worn)
Scrolls
 d - a scroll of revelation {unknown}
Potions
 c - 2 potions of invisibility

Dungeon Overview and Level Annotations

Branches:
Dungeon (1/15) Zot: 5277

Altars:

######## ### ######
#......# ##.###.....
#.####.###.#.##.####
####.##.###.#.##.#
#......## ##....#. #
#.##.##.###.#...##
#####.#.##.....#.#.....#
#......@#####.#.##.....#
#.###.#K# #.####......
#.#.. ... ##....# . ....
#... ##.#.# #.
#.#.##.... ...#.# #
..#.##.... #####.#
..#.##..... .# ... # .#
##


You could see a kobold.


Message History

A rat comes into view.
You closely miss the frilled lizard.
The frilled lizard hisses angrily.
A kobold comes into view. It is wielding a +0 whip.
The frilled lizard closely misses you.
There are monsters nearby!
You hit the frilled lizard but do no damage.
The frilled lizard bites you.
You hit the frilled lizard. The frilled lizard misses you.
There are monsters nearby! 😕 HP[-1]
You take 1 damage, and now have 19/20 hp.
You completely miss the frilled lizard. The frilled lizard misses you.
The rat closely misses you.
You hit the rat. The rat bites you. The frilled lizard barely misses you.
There are monsters nearby! 😕 HP[-2]
You take 2 damage, and now have 17/20 hp.
You hit the rat.
You kill the rat!
The frilled lizard bites you.
You hit the frilled lizard.
You kill the frilled lizard!
A kobold is nearby! 😕 HP[+2]
You regained 2 hp, and now have 19/20 hp.
You hit the kobold.
You kill the kobold!
No target in view! 😎 HP[+1]
Your hp is fully restored (20).
No target in view!
No target in view!
No target in view!
No target in view!
f - 4 stones
Things that are here:
a +0 whip; a kobold corpse You see here a rat corpse.
You see here a +0 club.
You now have 28 gold pieces (gained 11).
Key pressed, stopping explore.
No target in view!
No target in view!
Found a stone staircase leading down.
No target in view!
No target in view!
A quokka comes into view.
A quokka is nearby!
A quokka is nearby!
A quokka is nearby!
The helpless quokka fails to defend itself.
You puncture the quokka!
You kill the quokka!
No target in view!
There is an escape hatch in the floor here.
You enter the shallow water.
Moving in this stuff is going to be slow.
A frilled lizard comes into view.
The frilled lizard hisses.
A frilled lizard is nearby!
The frilled lizard closely misses you.
You miss the frilled lizard.
The frilled lizard bites you but does no damage.
A frilled lizard is nearby!
You hit the frilled lizard.
You kill the frilled lizard!
No target in view!
f - 12 stones (gained 8)
A kobold comes into view.
It is wielding a +1 short sword of venom.
The kobold shouts!
The kobold throws a stone.
The stone barely misses you.
A kobold is nearby!
A kobold is nearby!
The kobold hits you with a +1 short sword of venom.
You are poisoned.
You hit the kobold but do no damage.
You feel very sick.
The kobold hits you with a +1 short sword of venom.
You are lethally poisoned!
There is a lethal amount of poison in your body! 😮 HP[-9]
You take 9 damage, and now have 11/20 hp.
MASSIVE DAMAGE!! (PAUSE)
You hit the kobold.
* * * LOW HITPOINT WARNING * * *
You feel very sick. The kobold closely misses you. 😨 HP[-4]
You take 4 damage, and now have 7/20 hp.
Unknown command.
You barely miss the kobold.
* * * LOW HITPOINT WARNING * * *
You feel very sick. The kobold misses you. 😱 HP[-4]
You take 4 damage, and now have 3/20 hp.
Okay, then.
You barely miss the kobold.
You die...

Skill      XL: |  1  2 |
---------------+-------+-----
Short Blades   | 1 |  1.5
Stealth        | 3 |  3.0
Fighting       | |  0.5
Dodging        | |  1.7
Spellcasting   | |  2.1
Hexes          | |  3.1

Action                     || total
---------------------------++-------
  Melee: Dagger            ||   177
         Punch             ||     1
   Stab: Sleeping          ||     3
 Armour: Robe              ||    30
  Dodge: Dodged            ||    43

Levels and vault maps discovered:
D:1:      ldierk_walled_garden, layout_loops_cross,
          amcnicky_mini_rare_corridor_liquid, minmay_hedge_maze

Notes
Turn   | Place    | Note
-------+----------+-------------------------------------------
     0 | D:1      | kae the Demonspawn Enchanter began the quest for the Orb.
     0 | D:1      | Reached XP level 1. HP: 13/13 MP: 3/3
     0 | D:1      | magus.rc [v1.11.3]
    37 | D:1      | Reached skill level 1 in Short Blades
   434 | D:1      | Gained mutation: You regenerate a little health from kills.
                  | [demonic ancestry]
   434 | D:1      | Reached XP level 2. HP: 10/19 MP: 5/5
   543 | D:1      | Reached skill level 3 in Stealth
   730 | D:1      | HP: 3/20 [poisoned by a kobold]
   731 | D:1      | Succumbed to a kobold's poison

Vanquished Creatures
  2 bats (D:1)
  2 endoplasms (D:1)
  4 goblins (D:1)
  3 hobgoblins (D:1)
  A quokka (D:1)
  2 ball pythons (D:1)
  4 frilled lizards (D:1)
  A kobold (D:1)
  A rat (D:1)
20 creatures vanquished.

Table legend:
 A = Non-vault XP
 B = Vault XP
 C = Vault XP percentage of total XP
 D = Non-vault monster count
 E = Vault monster count
 F = Vault count percentage of total count
                 A         B        C        D         E       F
            +---------+---------+-------+---------+---------+-------
      Total |      31 |       0 |   0.0 |      20 |       0 |   0.0
            +---------+---------+-------+---------+---------+-------
        D:1 |      31 |       0 |   0.0 |      20 |       0 |   0.0
            +---------+---------+-------+---------+---------+-------

Skill      XL: |  1  2 |
---------------+-------+-----
Short Blades   | 1 |  1.5
Stealth        | 3 |  3.0
Fighting       | |  0.5
Dodging        | |  1.7
Spellcasting   | |  2.1
Hexes          | |  3.1

Action                     || total
---------------------------++-------
  Melee: Dagger            ||   177
         Punch             ||     1
   Stab: Sleeping          ||     3
 Armour: Robe              ||    30
  Dodge: Dodged            ||    43

Illustrated notes

Table legend:
 A = Kills in this place as a percentage of kills in the entire game.
 B = Kills by you in this place as a percentage of kills by you in the entire game.
 C = Kills by friends in this place as a percentage of kills by friends in the entire game.
 D = Other kills in this place as a percentage of other kills in the entire game.
 E = Experience gained in this place as a percentage of experience gained in the entire game.
 F = Experience gained in this place divided by the number of levels of this place that you have seen.
                   A       B       C       D       E      F
               +-------+-------+-------+-------+-------+----------------------
         Total | 100.0 | 100.0 |   N/A |   N/A | 100.0 |  31.0
       Dungeon | 100.0 | 100.0 |   N/A |   N/A | 100.0 |  31.0
               +-------+-------+-------+-------+-------+----------------------

Table legend: (Time is in decaauts)
 A = Elapsed time spent in this place.
 B = Non-inter-level travel time spent in this place.
 C = Inter-level travel time spent in this place.
 D = Time resting spent in this place.
 E = Time spent auto-exploring this place.
 F = Levels seen in this place.
 G = Mean time per level.
                   A        B        C        D        E       F      G
               +--------+--------+--------+--------+--------+-----+--------+
         Total |    722 |    722 |      0 |     15 |    402 |   1 |  722.0 |
       Dungeon |    722 |    722 |      0 |     15 |    402 |   1 |  722.0 |
               +--------+--------+--------+--------+--------+-----+--------+

Top non-repeatable levels by time:
     D:1: 722 daAuts
